 Dungeon Crawl Stone Soup version 0.23-a0-490-ge7ea69a (webtiles) character file.

137 zishaf the Insei (level 5, -4/26 HPs)
             Began as a Vine Stalker Transmuter on Dec 2, 2018.
             Was an Initiate of the Shining One.
             Slain by Grinder (5 damage)
             ... while paralysed by Grinder
             ... on level 3 of the Dungeon.
             The game lasted 00:04:21 (2042 turns).

zishaf the Insei (Vine Stalker Transmuter)          Turns: 2042, Time: 00:04:22

Health: -4/26      AC:  5    Str: 13    XL:     5   Next: 20%
Magic:  0/10       EV:  2    Int: 14    God:    the Shining One [......]
Gold:   143        SH:  0    Dex: 14    Spells: 8/9 levels left

rFire    . . .     SeeInvis .   a - +0 dagger (venom)
rCold    . . .     Gourm    .   (no shield)
rNeg     . . .     Faith    .   h - +0 ring mail
rPois    .         Spirit   +   (no helmet)
rElec    .         Reflect  .   (no cloak)
rCorr    .         Harm     .   (no gloves)
MR       .....                  (no boots)
Stlth    +.........             (no amulet)
HPRegen  0.48/turn              q - +3 ring of evasion
MPRegen  0.12/turn              (no ring)

@: paralysed, glowing
A: fangs 2, regeneration 1, magic shield, antimagic bite, no potion heal 3, rot
immunity
a: Renounce Religion


You were on level 3 of the Dungeon.
You worshipped the Shining One.
The Shining One was noncommittal.
You were not hungry.

You visited 1 branch of the dungeon, and saw 3 of its levels.

You collected 143 gold pieces.

Inventory:

Hand Weapons
 a - a +0 dagger of venom (weapon)
 b - a +0 hunting sling
Missiles
 g - 73 sling bullets
 i - 26 stones (quivered)
 j - 21 arrows
 o - 7 javelins
 t - 23 poisoned needles
Armour
 f - a +0 robe
 h - a +0 ring mail (worn)
Jewellery
 q - a +3 ring of evasion (left hand)
Scrolls
 e - a scroll of noise {unknown}
 k - a scroll of random uselessness {unknown}
 l - 3 scrolls of identify {unknown}
 r - 2 scrolls of enchant armour {unknown}
 s - a scroll of enchant weapon {unknown}
 x - 2 scrolls of fear {unknown}
Potions
 c - a potion of agility {unknown}
 m - a potion of magic {unknown}
 n - 2 potions of invisibility {unknown}
 p - a potion of heal wounds {unknown}
 u - 2 potions of lignification {unknown}
 v - a potion of curing {unknown}
 z - a potion of brilliance {unknown}
Comestibles
 d - 6 rations
 w - 7 chunks of flesh


   Skills:
 * Level 2.2 Fighting
 * Level 2.6 Dodging
 + Level 3.4 Unarmed Combat
 + Level 2.8 Spellcasting
 + Level 2.7 Transmutations


You had 8 spell levels left.
You knew the following spells:

 Your Spells              Type           Power        Failure   Level  Hunger
a - Beastly Appendage     Tmut           #.....       16%         1    #......

Your spell library contained the following spells:

 Spells                   Type           Power        Failure   Level  Hunger
 Sticks to Snakes         Tmut           #.......     24%         2    ##.....
 Spider Form              Tmut/Pois      #.........   63%         3    ###....
 Ice Form                 Ice/Tmut       #.......     95%         4    #####..
 Blade Hands              Tmut           #.........   99%         5    ######.


Dungeon Overview and Level Annotations

Branches:
Dungeon (3/15)

Altars:
Elyvilon
Makhleb
The Shining One

Annotations:
D:3 Grinder


Innate Abilities, Weirdness & Mutations

You have extremely sharp teeth.
Your natural rate of healing is unusually fast.
When hurt, damage is shared between your health and your magic reserves.
Your bite disrupts and absorbs the magic of your enemies.
Potions cannot restore your health.
You are immune to rotting.


Message History

Grinder hits you but does no damage.
You hit Grinder.
Grinder is moderately wounded.
Grinder gestures at you.
You struggle to resist.
You hit Grinder.
Grinder looks even sicker.
Grinder is moderately wounded.
Grinder misses you.
You hit Grinder but do no damage. You punch Grinder.
Grinder is moderately wounded.
Grinder says, "Wait up."
Grinder gestures at you.
You suddenly lose the ability to move!
Grinder hits you!
You writhe in agony.
Grinder hits you.
You writhe in agony.
* * * LOW HITPOINT WARNING * * *
Grinder hits you.
* * * LOW HITPOINT WARNING * * *
You writhe in agony.
You die...

#.....<..######
#.#....#.......
#.######....... #.#
#.......
########.######.......
#...............######
#........########
#........# #...5@...#
...........########
...........##.....######
...........##.....).....
...........##.....#.####
....#########.....#.#
.... #.....#.# ...
#####.....#.#
#......<..#.#


You could see Grinder.

Vanquished Creatures
  A worker ant (D:3)
  4 gnolls (D:3)
  An adder (D:2)
  A worm (D:2)
  3 dart slugs
  5 leopard geckos
  8 bats
  3 giant cockroaches
  5 goblins
  5 hobgoblins
  4 jackals (D:2)
  A quokka (D:2)
  5 frilled lizards
  5 kobolds
  5 rats
56 creatures vanquished.

Notes
Turn   | Place    | Note
-------+----------+-------------------------------------------
     0 | D:1      | zishaf the Vine Stalker Transmuter began the quest for the
                  | Orb.
     0 | D:1      | Reached XP level 1. HP: 9/9 MP: 4/4
    94 | D:1      | Reached skill level 1 in Fighting
   214 | D:1      | Reached XP level 2. HP: 14/14 MP: 6/6
   653 | D:2      | Reached XP level 3. HP: 18/18 MP: 7/7
   983 | D:2      | Found a glowing golden altar of the Shining One.
  1144 | D:2      | Gained mutation: Your natural rate of healing is unusually
                  | fast. [Vine Stalker growth]
  1144 | D:2      | Reached XP level 4. HP: 23/23 MP: 6/8
  1312 | D:2      | Found a white marble altar of Elyvilon.
  1312 | D:2      | Found a burning altar of Makhleb.
  1603 | D:2      | Became a worshipper of the Shining One
  1951 | D:3      | Reached XP level 5. HP: 14/26 MP: 6/10
  2024 | D:3      | Noticed Grinder
  2039 | D:3      | Paralysed by Grinder for 7 turns
  2042 | D:3      | HP: 1/26 [Grinder (4)]
  2042 | D:3      | Slain by Grinder

Vault maps used:
D:1:      dpeg_arrival_chambers_temple_mockup
D:2:      tso_metal_star, gammafunk_temple_overflow_elements
D:3:      grunt_temple_overflow_growth_and_decay, kennysheep_okawaru_gauntlet,
          first_ration, uniq_grinder

Skill      XL: |  1  2  3  4 |
---------------+-------------+-----
Fighting       | 1 2 |  2.2
Dodging        | 2 |  2.6
Unarmed Combat | |  3.4
Spellcasting   | |  2.8
Transmutations | |  2.7

Action                   |  1- 3 |  4- 6 || total
-------------------------+-------+-------++-------
Melee: Unarmed           |    13 |       ||    13
       Bite              |    32 |    14 ||    46
       Dagger            |    88 |    61 ||   149
       Punch             |     1 |     2 ||     3
 Stab: Sleeping          |     1 |       ||     1
  Eat: Chunk             |     1 |     3 ||     4
Armor: Robe              |     2 |       ||     2
       Ring mail         |    30 |    14 ||    44
Dodge: Dodged            |    61 |    39 ||   100

Table legend:
 A = Non-vault XP
 B = Vault XP
 C = Vault XP percentage of total XP
 D = Non-vault monster count
 E = Vault monster count
 F = Vault count percentage of total count
                 A         B        C        D         E       F
            +---------+---------+-------+---------+---------+-------
      Total |     196 |       0 |   0.0 |      56 |       0 |   0.0
            +---------+---------+-------+---------+---------+-------
        D:1 |      26 |       0 |   0.0 |      16 |       0 |   0.0
        D:2 |      63 |       0 |   0.0 |      24 |       0 |   0.0
        D:3 |     107 |       0 |   0.0 |      16 |       0 |   0.0
            +---------+---------+-------+---------+---------+-------
